 Dungeon Crawl Stone Soup version 0.19.1 (webtiles) character file.

177 truemonolith the Cutter (level 5, -13/35 HPs)
             Began as a Halfling Berserker on Nov 26, 2016.
             Was a Believer of Trog.
             Engulfed by a cloud of flame (16 damage)
             ... on level 3 of the Dungeon.
             The game lasted 00:05:00 (2816 turns).

truemonolith the Cutter (Halfling Berserker)        Turns: 2816, Time: 00:05:02

Health: -13/35     AC:  9    Str: 18    XL:     5   Next: 87%
Magic:  5/5        EV:  9    Int:  5    God:    Trog [**....]
Gold:   135        SH:  0    Dex: 15    Spells: 0 memorised, 4 levels left

rFire  . . .     SeeInvis .     a - +0 short sword
rCold  . . .     Gourm    .     w - +0 chain mail
rNeg   . . .     Faith    .     (shield restricted)
rPois  .         Spirit   .     (no helmet)
rElec  .         Reflect  .     (no cloak)
rCorr  .         Harm     +     r - +0 pair of gloves
MR     .....                    (no boots)
Stlth  ..........               m - amulet of harm
                                (no ring)
                                (no ring)

@: drained
A: mutation resistance 1
a: Berserk, Trog's Hand, Burn Spellbooks, Renounce Religion


You were on level 3 of the Dungeon.
You worshipped Trog.
Trog was pleased with you.
You were not hungry.

You visited 1 branch of the dungeon, and saw 3 of its levels.

You collected 135 gold pieces.

Inventory:

Hand Weapons
 a - a +0 short sword (weapon)
Armour
 b - a +0 animal skin
 p - a +0 leather armour
 r - a +0 pair of gloves (worn)
 w - a +0 chain mail (worn)
Jewellery
 l - an uncursed amulet of magic regeneration
 m - an amulet of harm (around neck)
 x - an uncursed ring of protection from cold {unknown}
Scrolls
 g - 2 scrolls of fog
 k - 4 scrolls of teleportation
 o - 7 scrolls of identify
Potions
 c - a potion of heal wounds {unknown}
 e - 3 potions of might {unknown}
 f - a potion of haste {unknown}
 i - a potion of invisibility {unknown}
 j - a potion of flight {unknown}
 s - 2 potions of berserk rage {unknown}
 t - a potion of degeneration {unknown}
 u - a potion of curing {unknown}
 v - a potion of brilliance {unknown}
Comestibles
 h - 2 slices of pizza
 n - a meat ration
 q - a chunk of flesh
 z - a bread ration
 A - a beef jerky


   Skills:
 - Level 2.6(1.8) Fighting
 + Level 7.3(6.3) Short Blades
 - Level 2.1(1.3) Armour
 - Level 2.1(1.3) Dodging


You had 4 spell levels left.
You didn't know any spells.

Dungeon Overview and Level Annotations

Branches:
Dungeon (3/15)

Altars:
Gozag


Innate Abilities, Weirdness & Mutations

You are small and have problems with some larger weapons.
You are somewhat resistant to further mutation.


Message History

You hit the quokka.
The quokka is heavily wounded.
The quokka bites you but does no damage.
You miss the quokka.
The quokka is heavily wounded.
The quokka barely misses you.
You hit the quokka but do no damage.
The quokka is moderately wounded.
The quokka barely misses you.
You hit the quokka.
The quokka is severely wounded.
The quokka bites you.
You hit the quokka.
The quokka explodes!
The fiery explosion engulfs you!
Ouch! That really hurt!
* * * LOW HITPOINT WARNING * * *
Trog accepts your kill.
You are engulfed in roaring flames.
You die...

########### #.........# **
###########.######.# ,**
#......%.##......#.#### ,,*
#........##......#.#... ,,*******
#........##.._...#.#... ,,,,,,,,*
#...§§§..##......#.#... ,,,***,**
#...§.@.....#<...#.#... ,,,* *,*
######§.....####.#.#...
+*,***,***######...........#.#...
,,,,,,,,,,..........%............
,,,,,,,,,,................†(.###.
,*,***,***######......#####..# ##
,*,* *,* ######## #.(# **,* *,*
#.)# **,***,* #..#***


There were no monsters in sight!

Vanquished Creatures
  An orc priest (D:3)
  2 orc wizards (D:3)
  4 adders
  2 worms (D:2)
  2 dart slugs
  6 orcs (D:3)
  5 bats
  6 goblins
  7 hobgoblins
  A kobold (D:1)
  4 quokkas
  A ball python (D:1)
  2 frilled lizards
  6 rats
49 creatures vanquished.

Notes
Turn   | Place    | Note
-------+----------+-------------------------------------------
     0 | D:1      | truemonolith the Halfling Berserker began the quest for the Orb.
     0 | D:1      | Reached XP level 1. HP: 15/15 MP: 1/1
   154 | D:1      | Reached skill level 4 in Short Blades
   183 | D:1      | Reached XP level 2. HP: 20/20 MP: 2/2
   657 | D:2      | Reached XP level 3. HP: 25/25 MP: 3/3
   779 | D:2      | Reached skill level 5 in Short Blades
  1535 | D:2      | Reached XP level 4. HP: 18/30 MP: 4/4
  2030 | D:3      | Reached skill level 6 in Short Blades
  2040 | D:3      | Reached ** piety under Trog
  2293 | D:3      | Reached XP level 5. HP: 35/35 MP: 5/5
  2296 | D:3      | Reached skill level 7 in Short Blades
  2717 | D:3      | Found an opulent altar of Gozag.
  2816 | D:3      | Engulfed by a cloud of flame

Skill      XL: |  1  2  3  4  5 |
---------------+----------------+-----
Short Blades   | 4 5 6 7 |  7.3
Fighting       | |  2.6
Armour         | |  2.1
Dodging        | |  2.1

Action                   |  1- 3 |  4- 6 || total
-------------------------+-------+-------++-------
Melee: Short sword       |   111 |    97 ||   208
Invok: Berserk           |     1 |     1 ||     2
  Use: Scroll            |     5 |     6 ||    11
 Stab: Sleeping          |     1 |       ||     1
  Eat: Bread ration      |     1 |       ||     1
       Chunk             |       |     3 ||     3
Armor: Animal skin       |     3 |       ||     3
       Leather armour    |     2 |       ||     2
       Chain mail        |    28 |    33 ||    61
Dodge: Dodged            |    57 |    48 ||   105
